 Dungeon Crawl Stone Soup version 0.31-a0-177-g4aa6249778 (webtiles) character file.

Game seed: 1850873355551860009

14 qw the Shooter (level 2, -2/26 HPs)
             Began as a Naga Hunter on June 18, 2023.
             Slain by a goblin
             ... wielding a +0 dagger
              (4 damage)
             ... on level 1 of the Dungeon.
             The game lasted 00:00:07 (235 turns).

qw the Shooter (Naga Hunter)                         Turns: 235, Time: 00:00:08

Health: -2/26      AC:  2    Str: 13    XL:     2   Next: 45%
Magic:  2/2        EV:  9    Int:  9    God:
Gold:   24         SH:  0    Dex: 14    Spells: 1/1 levels left

rFire   . . .        a - +0 shortbow
rCold   . . .        (shield currently unavailable)
rNeg    . . .        c - +0 leather armour
rPois   +            (no helmet)
rElec   .            (no cloak)
rCorr   .            (no gloves)
SInv    +            (no barding)
Will    .....        (no amulet)
Stlth   ++           (no ring)
HPRegen 0.24/turn    (no ring)
MPRegen 0.08/turn

%: no passive effects
@: short of breath, very slow
A: AC +0, large, see invisible, deformed body, poison resistance, slowness 2,
spit poison 1, naga tail 1
a: Spit Poison


You were on level 1 of the Dungeon.
You visited 1 branch of the dungeon, and saw 1 of its levels.

You collected 24 gold pieces.


Innate Abilities, Weirdness & Mutations

Your serpentine skin is tough. (AC +0)
You have supernaturally acute eyesight. (SInv)
Armour fits poorly on your strangely shaped body.
Your system is resistant to poisons. (rPois)
You cover ground very slowly.
You can spit poison.
You have a snake-like lower body.


   Skills:
 - Level 2.0 Fighting
 + Level 4.2 Ranged Weapons
 - Level 1.5 Dodging
 - Level 1.5 Stealth


You had one spell level left.
You didn't know any spells.
Your spell library was empty.

Inventory:

Hand Weapons
 a - a +0 shortbow (weapon)
Armour
 c - a +0 leather armour (worn)
Jewellery
 d - a +6 ring of intelligence
Scrolls
 b - a scroll of butterflies
 e - a scroll of teleportation {unknown}
 h - a scroll of identify {unknown}
Potions
 f - a potion of heal wounds {unknown}
 g - a potion of attraction {unknown}

Dungeon Overview and Level Annotations

Branches:
Dungeon (1/15)

Altars:


Message History

You kill the frilled lizard!
You shoot an arrow. The arrow barely misses the quokka.
You shoot an arrow. The arrow barely misses the quokka.
A kobold comes into view. It is wielding a +0 dagger.
The quokka completely misses you. The goblin hits you with a +0 dagger.
You shoot an arrow. The arrow hits the quokka.
The quokka is almost dead.
The quokka bites you. The goblin hits you with a +0 dagger.
The quokka barely misses you.
You shoot an arrow. The arrow closely misses the quokka.
The quokka barely misses you. The goblin hits you but does no damage.
You shoot an arrow. The arrow barely misses the quokka.
The arrow hits the dart slug.
The dart slug is severely wounded.
You have got your breath back.
The quokka bites you. The goblin hits you with a +0 dagger.
The quokka bites you.
232 ||| INVOKING Spit Poison.
Aiming: Spit Poison (2% risk of failure)
Press: ? - help, Shift-Dir - straight line, f/p - quokka The splash of poison misses the quokka.
The splash of poison hits the dart slug.
The dart slug is poisoned.
You kill the dart slug!
The goblin hits you with a +0 dagger. The quokka barely misses you.
You shoot an arrow. The arrow hits the quokka.
You kill the quokka!
The kobold hits you with a +0 dagger. The goblin hits you but does no damage.
The kobold hits you with a +0 dagger. The goblin hits you with a +0 dagger.
A goblin comes into view. It is wielding a +0 dagger.
You shoot an arrow. The arrow barely misses the kobold.
The goblin shouts!
The kobold hits you with a +0 dagger. The goblin hits you but does no damage.
A kobold comes into view. It is wielding a +0 dagger.
You shoot an arrow. The kobold shouts!
The arrow hits the kobold.
The kobold is heavily wounded.
The kobold barely misses you. The goblin hits you with a +0 dagger.
You die...

.......# .#.....# #. #.....#
##.....###.. ..g...###
.............# #)......K
.......#####.###..).....
.......###..............
.....................#
........###....Kg....#
................@....#
..........#..........#
.......##............# .#
.......###...........# ..#
###.....###.######.#.### ##.#
####........######.....##....
.8##.....##.....#..........#
..##.....##..............##
.8##.....##.#............######


You could see 2 goblins and 2 kobolds.

Vanquished Creatures
  A dart slug (D:1)
  An endoplasm (D:1)
  2 giant cockroaches (D:1)
  A goblin (D:1)
  A hobgoblin (D:1)
  A quokka (D:1)
  A bat (D:1)
  2 frilled lizards (D:1)
  2 kobolds (D:1)
12 creatures vanquished.

Notes
Turn   | Place    | Note
-------+----------+-------------------------------------------
     0 | D:1      | qw the Naga Hunter began the quest for the Orb.
     0 | D:1      | Reached XP level 1. HP: 19/19 MP: 1/1
     0 | D:1      | 0 ||| qw: Version: 0.3-a-7-ge0c9b40
     0 | D:1      | 0 ||| qw: Game counter: 856
     0 | D:1      | 0 ||| qw: Always use a shield: true
     0 | D:1      | 0 ||| qw: God list: Okawaru
     0 | D:1      | 0 ||| qw: Allow faded altars: false
     0 | D:1      | 0 ||| qw: Do Orc after D:15 true
     0 | D:1      | 0 ||| qw: Do second Lair branch before Depths: true
     0 | D:1      | 0 ||| qw: Lair rune preference: random
     0 | D:1      | 0 ||| qw: Plans: Normal
     0 | D:1      | 0 ||| PLANNING D:1-11
    20 | D:1      | 20 ||| INVOKING Spit Poison.
    25 | D:1      | 25 ||| INVOKING Spit Poison.
    32 | D:1      | 32 ||| INVOKING Spit Poison.
    44 | D:1      | 44 ||| INVOKING Spit Poison.
   113 | D:1      | Reached skill level 4 in Ranged Weapons
   113 | D:1      | Reached XP level 2. HP: 26/26 MP: 2/2
   221 | D:1      | 221 ||| INVOKING Spit Poison.
   226 | D:1      | 226 ||| INVOKING Spit Poison.
   232 | D:1      | 232 ||| INVOKING Spit Poison.
   233 | D:1      | HP: 6/26 [kobold/+0 dagger (1)]
   233 | D:1      | HP: 2/26 [goblin/+0 dagger (2)]
   235 | D:1      | Slain by a goblin

Levels and vault maps discovered:
D:1:      spicycebolla_arrival_ecumenical, layout_rooms, dreamdust_wishing_well,
          minmay_vboxes

Skill      XL: |  1 |
---------------+----+-----
Ranged Weapons | 4 |  4.2
Fighting       | |  2.0
Dodging        | |  1.5
Stealth        | |  1.5

Action                     || total
---------------------------++-------
   Fire: Shortbow          ||    25
Ability: Spit Poison       ||     7
 Armour: Leather armour    ||     3
  Dodge: Dodged            ||    11

Table legend:
 A = Non-vault XP
 B = Vault XP
 C = Vault XP percentage of total XP
 D = Non-vault monster count
 E = Vault monster count
 F = Vault count percentage of total count
                 A         B        C        D         E       F
            +---------+---------+-------+---------+---------+-------
      Total |      16 |       5 |  23.8 |      10 |       2 |  16.7
            +---------+---------+-------+---------+---------+-------
        D:1 |      16 |       5 |  23.8 |      10 |       2 |  16.7
            +---------+---------+-------+---------+---------+-------
